[Event "*** Titled Tuesday Blitz"]
[Site "Chess.com"]
[Date "2019.02.05"]
[Round "1"]
[White "Kouzari"]
[Black "Kawhi_Leonard2"]
[Result "1-0"]
[WhiteElo "2603"]
[BlackElo "2234"]
[TimeControl "180+2"]
[EndTime "13:09:47 PST"]
[Termination "Kouzari won by resignation"]

1. d4 Nf6 2. c4 c5 3. d5 e6 4. Nc3 exd5 5. cxd5 d6 6. e4 g6 7. f4 Bg7 8. Bb5+ Nfd7 9. Nf3 a6 10. Bd3 b5 11. O-O O-O 12. Kh1 Re8 13. a3 Nf6 14.
Re1 Nbd7 15. Qc2 Bb7 16. h3 c4 17. Bf1 Nc5 18. Bd2 Rc8 19. Rad1 Nh5 20. Kh2 Qf6 21. g3 h6 22. Be3 Nb3 23. Qf2 Qd8 24. g4 Nf6 25. Bb6 Qd7 26. Nd4 Nc5 27. Bxc5 Rxc5 28.
Nf3 a5 29. e5 Nh7 30. Ne4 Rxd5 31. Rxd5 Bxd5 32. Nxd6 Rb8 33. Rd1 Qc6 34. Bg2 b4 35.
Nd4 Qa8 36. Nxc4 Bxg2 37. Qxg2 Qxg2+ 38. Kxg2 bxa3 39. bxa3 g5 40. f5 a4 41. f6 Bf8 42.
Nc6 Re8 43. Rd8 Rxd8 44. Nxd8 Bc5 45. Kf3 Nf8 46. Ke4 Ng6 47. Kd5 Bf2 48. Nb2 Nf4+ 49.
Ke4 Bc5 50. Nxa4 Bxa3 51. h4 Ng2 52. hxg5 hxg5 53. Nb6 Bc1 54. Nc4 Nh4 55. Nd6 Bb2 56. N6xf7 Ng6 57. Kf5 Bc1 58. Kxg6 1-0

[Event "*** Titled Tuesday Blitz"]
[Site "Chess.com"]
[Date "2019.02.05"]
[Round "1"]
[White "Zaven_ChessMood"]
[Black "Vuks91"]
[Result "1-0"]
[WhiteElo "2875"]
[BlackElo "2438"]
[TimeControl "180+2"]
[EndTime "13:09:48 PST"]
[Termination "Zaven_ChessMood won by resignation"]

1. e4 c5 2. Nf3 Nc6 3. Bb5 g6 4.
Bxc6 dxc6 5. d3 Bg7 6. h3 Nf6 7.
Nc3 Nd7 8. Be3 b6 9. Qd2 h6 10. O-O e5 11. Nh2 Nf8 12. f4 exf4 13. Bxf4 Ne6 14.
Be3 Qh4 15. Nf3 Qh5 16. Ne2 c4 17. d4 Qb5 18. a4 Qa6 19. Nf4 Ng5 20. Nxg5 hxg5 21.
Ne2 g4 22. hxg4 Bxg4 23. c3 Qb7 24. Bg5 O-O 25. Bf6 Rae8 26. e5 Qd7 27. Ng3 c5 28. Bxg7 Kxg7 29. Rf4 cxd4 30. cxd4 f6 31. exf6+ Rxf6 32.
Rxf6 Kxf6 33. Rf1+ Kg7 34. Qf4 Qe6 35. Rf2 Qe1+ 36.
Nf1 Bf5 37. g4 Re4 38. Qc7+ Re7 39. Qb8 Re4 40. gxf5 Rg4+ 41. Rg2 Rxg2+ 42. Kxg2 Qe4+ 43. Kh2 Qe2+ 44. Kg1 Qg4+ 45. Qg3 Qxd4+ 46. Qf2 Qg4+ 47. Kh2 gxf5 48. Ne3 Qh5+ 49. Kg2 Qg5+ 50. Kf1 f4 51. Nxc4 Qd5 52. Qxf4 Qd3+ 53. Kf2 Qc2+ 54. Ke3 Qc1+ 55. Kf3 Qd1+ 56. Kf2 Qc2+ 57. Ke1 Qxa4 58. Qe5+ Kg6 59. Ne3 Qb4+ 60. Ke2 Kh7 61. Qc3 Qb5+ 62. Qd3+ Qxd3+ 63. Kxd3 Kg6 64. Kc4 Kf6 65. Kd5 Kg5 66. Nc4 Kf4 67. b4 b5 68. Nd6 a6 69. Kc5 Ke3 70.
Nxb5 axb5 71. Kxb5 1-0

[Event "*** Titled Tuesday Blitz"]
[Site "Chess.com"]
[Date "2019.02.05"]
[Round "1"]
[White "Manukyan_Artak"]
[Black "SantoBlue"]
[Result "1-0"]
[WhiteElo "2361"]
[BlackElo "2719"]
[TimeControl "180+2"]
[EndTime "13:09:52 PST"]
[Termination "Manukyan_Artak won by resignation"]

1. e4 e5 2. Nf3 Nc6 3. d4 exd4 4.
Nxd4 Bc5 5. Nxc6 bxc6 6. Bc4 Qh4 7. O-O d6 8. Qf3 Nf6 9. Nc3 O-O 10.
Qg3 Qxg3 11. hxg3 Ng4 12. Na4 Bd4 13. c3 Bf6 14. f4 Bd7 15. Be2 Rfe8 16. Bf3 c5 17. e5 dxe5 18. Bxa8 Bxa4 19. Bf3 Bd7 20. Re1 h5 21. Bxg4 hxg4 22. fxe5 Bxe5 23. Bf4 f6 24.
Bxe5 fxe5 25. Re4 Bf5 26. Rc4 Bd3 27. Rxc5 e4 28. Re1 e3 29. Rxc7 e2 30. Rd7 Bb5 31. Rd5 Bc4 32. Rd4 Bxa2 33. Kf2 Rb8 34. Rxe2 Bf7 35. Red2 Rb6 36. Rxg4 a5 37. Rgd4 Kh7 38. g4 Bb3 39. Kg3 a4 40. Rd6 Rb5 41. R2d4 Re5 42. Rd7 Re1 43. Rd2 Re4 44. R7d4 Re6 45. Rb4 Re3+ 46. Kf4 Re1 47. Rb7 Rf1+ 48. Kg3 Rf6 49. Rdd7 Rg6 50. Kf4 Be6 51. Rd4 Bxg4 52. Rxa4 Bc8 53.
Rc7 Be6 54. Raa7 Rxg2 55. b4 Kh6 56. Rc6 Rf2+ 57. Ke3 Rf6 58. Raa6 1-0

[Event "*** Titled Tuesday Blitz"]
[Site "Chess.com"]
[Date "2019.02.05"]
[Round "1"]
[White "MITerryble"]
[Black "Vugar_Manafov"]
[Result "1-0"]
[WhiteElo "2787"]
[BlackElo "2386"]
[TimeControl "180+2"]
[EndTime "13:09:57 PST"]
[Termination "MITerryble won by checkmate"]

1. d4 Nf6 2. Nf3 d5 3. c4 e6 4. e3 c6 5. Bd3 Nbd7 6. b3 Bd6 7. Bb2 O-O 8. O-O Re8 9. Ne5 c5 10. Nd2 cxd4 11. exd4 a5 12. Rc1 a4 13. c5 Bc7 14.
b4 a3 15. Ba1 Nxe5 16. dxe5 Nd7 17. Nf3 Nf8 18. h4 Bd7 19. h5 h6 20. b5 Qe7 21. Bd4 Rec8 22. Qb3 Be8 23. Rc2 f5 24.
exf6 gxf6 25. Re1 Rd8 26. Nh4 Qg7 27. Bg6 Bxg6 28. hxg6 Re8 29. b6 Bf4 30. Qf3 Bg5 31. Qh5 Bxh4 32. Qxh4 e5 33. Be3 Nxg6 34. Qh5 Kh7 35. c6 bxc6 36. Rxc6 Re7 37. Qf5 d4 38. Bd2 Rf8 39. Bb4 Kh8 40. Rc8 Nh4 41. Rxf8+ Qxf8 42. Qh5 Qg7 43. Qxh4 Rb7 44. Bc5 d3 45. Qe4 d2 46.
Rd1 Qd7 47. Be3 Qf7 48. Rxd2 Kg7 49. Qg4+ Kh7 50. Qh4 h5 51. Qh3 Kg6 52. Qg3+ Kh7 53. Qf3 Kg6 54. Qe4+ Kg7 55. Rd6 Qxa2 56. Qxb7+ Kg6 57.
Qe4+ Kg7 58. Rd7+ Kf8 59. Qa8# 1-0

[Event "*** Titled Tuesday Blitz"]
[Site "Chess.com"]
[Date "2019.02.05"]
[Round "1"]
[White "in_shambles"]
[Black "Abund"]
[Result "1/2-1/2"]
[WhiteElo "2001"]
[BlackElo "2460"]
[TimeControl "180+2"]
[EndTime "13:09:57 PST"]
[Termination "Game drawn - insufficient material"]

1. d4 Nf6 2. c4 e6 3. Nc3 Bb4 4. Qc2 d5 5. Nf3 O-O 6. cxd5 Qxd5 7. a3 Bxc3+ 8. bxc3 c5 9. Bf4 Nc6 10. e3 cxd4 11. cxd4 Ne4 12. Bd3 Qa5+ 13. Nd2 Nxd2 14. Qxd2 b6 15. Qxa5 Nxa5 16. Be4 Bb7 17. Bxb7 Nxb7 18.
O-O Rfc8 19. Rac1 Kf8 20. Rfd1 Ke7 21. Kf1 Na5 22. Ke2 Nc4 23. Rc3 b5 24. Rdc1 Rc6 25.
a4 a6 26. axb5 axb5 27. R1c2 Kd7 28. Rb3 Na3 29. Ra2 Rca6 30. Kd3 Kc6 31. Ra1 Nc4 32. Rab1 Ra3 33. e4 Rxb3+ 34. Rxb3 Ra2 35. Be3 Na5 36. d5+ exd5 37. exd5+ Kxd5 38. Rxb5+ Kd6 39. Rc5 Nc6 40. Rc3 Ne5+ 41. Ke4 Ra4+ 42. Bd4 Nc6 43. Rd3 Ke6 44. Ke3 g6 45. Bc3 Ne7 46. Ke2 Nd5 47. Bd2 Ra2 48. g3 h5 49. Ke1 Ke5 50. f4+ Ke4 51. Rb3 h4 52. Rb7 Kd3 53. Rd7 Ke4 54. Rxf7 hxg3 55. hxg3 Kf3 56. Rg7 Ra6 57. Kd1 Kxg3 58. f5 Nf4 59.
Bxf4+ Kxf4 60. fxg6 Kg5 61. Rg8 Rxg6 62. Rxg6+ Kxg6 1/2-1/2

[Event "*** Titled Tuesday Blitz"]
[Site "Chess.com"]
[Date "2019.02.05"]
[Round "1"]
[White "x-5963514717"]
[Black "Muisback26"]
[Result "1/2-1/2"]
[WhiteElo "2455"]
[BlackElo "2871"]
[TimeControl "180+2"]
[EndTime "13:10:04 PST"]
[Termination "Game drawn by agreement"]

1. Nf3 g6 2. g3 Bg7 3. d4 d5 4. Bg2 e6 5. O-O Ne7 6. c4 O-O 7. Nc3 c6 8. e4 dxc4 9. a4 a5 10. Qe2 b6 11. Rd1 Ba6 12. Bf4 Nd7 13. h4 h5 14. Bd6 Re8 15. Ng5 Nf6 16. e5 Nfd5 17.
Qf3 Nf5 18. Nce4 Ra7 19. Rac1 Rd7 20. Bf1 f6 21. exf6 Nxf6 22. Be5 Nxe4 23. Qxe4 Bxe5 24. Qxe5 Rxd4 25. Re1 Rd5 26. Qc3 Nd4 27. Bxc4 Bxc4 28. Qxc4 Rxg5 29. hxg5 Nf3+ 30. Kg2 Nxe1+ 31. Rxe1 Qd5+ 32.
Qxd5 cxd5 33. Rc1 Rb8 34. Rc6 Kf7 35. Rc7+ Kf8 36. Kf3 b5 37. b3 bxa4 38. bxa4 Rb4 39. Rc6 Ke7 40. Rc7+ Kf8 41. Rc6 Ke7 42. Rc7+ Kd6 43. Rg7 Rxa4 44. Rxg6 Rg4 45. Rg8 a4 46. g6 a3 47. g7 a2 48. Ra8 Rxg7 49. Rxa2 Rf7+ 50. Ke3 Rb7 51. Ra4 Ke5 52. Rh4 Rb3+ 53. Ke2 d4 54. Rxh5+ Kd6 55. g4 e5 56. g5 e4 57. g6 Rb2+ 58. Ke1 Rb8 59. g7 Rg8 60.
Rg5 Ke6 61. f4 Kf6 62. Re5 e3 63. Rd5 Rxg7 64. Rxd4 Kf5 65. Ke2 Rg3 66. Rd8 Kxf4 67.
Rf8+ Ke4 68. Re8+ Kd4 69. Rd8+ 1/2-1/2

[Event "*** Titled Tuesday Blitz"]
[Site "Chess.com"]
[Date "2019.02.05"]
[Round "1"]
[White "David_Klein"]
[Black "TristanCalistri"]
[Result "1-0"]
[WhiteElo "2586"]
[BlackElo "2224"]
[TimeControl "180+2"]
[EndTime "13:10:04 PST"]
[Termination "David_Klein won by resignation"]

1. e4 e5 2. Nf3 d6 3. d4 exd4 4. Nxd4 Nf6 5. Nc3 Be7 6. g3 a5 7. Bg2 a4 8. O-O O-O 9. h3 Re8 10. a3 Bf8 11. g4 c6 12. Nf5 d5 13. exd5 Bxf5 14. gxf5 Nxd5 15. Nxd5 cxd5 16. Qxd5 Qf6 17.
Bf4 Nc6 18. c3 Ra5 19. Qd7 Re7 20. Qd3 Rxf5 21. Bg3 Ne5 22. Qc2 Nf3+ 23. Kh1 Re8 24. Rad1 b5 25. Qd3 g6 26. Qd7 Qe7 27. Qc6 Qe2 28.
Rd5 Rxd5 29. Qxd5 Nd2 30. Rg1 Ne4 31. Bxe4 Rxe4 32. Kg2 h5 33. h4 Re6 34. Rd1 Qxb2 35.
Qa8 Qc2 36. Rd8 Qe4+ 37. Qxe4 Rxe4 38. Bd6 Kg7 39. Bxf8+ Kf6 40. Bc5 Rg4+ 41. Kf3 Rxh4 42. Bd4+ Ke6 43. Rb8 Rh1 44. Rxb5 Ra1 45. Rb6+ Kd5 46.
Rf6 Rxa3 47. Rxf7 Rb3 48. Rg7 a3 49. Rxg6 a2 50. Ra6 Rb2 51. Bh8 Kc4 52. Kg3 Re2 53. f4 h4+ 54. Kxh4 Rh2+ 55. Kg5 Rxh8 56. Rxa2 Kxc3 57. f5 Kd4 58. Re2 Kd5 59. f6 Kd6 60. Kg6 Rg8+ 61. Kh7 Rg3 62. f7 Rh3+ 63. Kg8 Rg3+ 64.
Kf8 Kd7 65. Rd2+ Ke6 66. Ke8 Ra3 67. f8=Q 1-0

[Event "*** Titled Tuesday Blitz"]
[Site "Chess.com"]
[Date "2019.02.05"]
[Round "1"]
[White "cool4chess"]
[Black "FelixBlohberger"]
[Result "0-1"]
[WhiteElo "2283"]
[BlackElo "2637"]
[TimeControl "180+2"]
[EndTime "13:10:08 PST"]
[Termination "FelixBlohberger won by checkmate"]

1. e4 d5 2. exd5 Qxd5 3. Nc3 Qe5+ 4. Be2 c6 5. Nf3 Qc7 6. d4 Nf6 7. Bg5 Bg4 8. Ne5 Bxe2 9. Qxe2 Nbd7 10. O-O-O e6 11.
Nxd7 Nxd7 12. d5 cxd5 13. Nxd5 Qc6 14. Qb5 Rc8 15. Qxc6 Rxc6 16. Rhe1 Bc5 17. Be3 Bxe3+ 18. Rxe3 Kd8 19. Nb4 Rc7 20. Nd3 Kc8 21. Rf3 Nf6 22.
Ne5 Rd8 23. Rxd8+ Kxd8 24. Rg3 g6 25. Rf3 Ke7 26. b4 h5 27. Kb2 Rc8 28. c4 Rd8 29.
Rd3 Rxd3 30. Nxd3 Nd7 31. Kc3 Kd6 32. f4 f6 33. a4 b6 34. Kd4 e5+ 35. fxe5+ fxe5+ 36. Ke4 Nf6+ 37. Ke3 Ng4+ 38. Ke4 Nf6+ 39. Ke3 e4 40. Nf2 Ke5 41. h3 g5 42. c5 Nd5+ 43. Ke2 Nxb4 44. cxb6 axb6 45. Nd1 Nd5 46. Nb2 Kd4 47.
Nd1 Nc3+ 48. Nxc3 Kxc3 49. Ke3 Kb4 50. Kxe4 Kxa4 51. Kf5 b5 52. Kxg5 b4 53. Kxh5 b3 54.
g4 b2 55. g5 b1=Q 56. h4 Qh7+ 57. Kg4 Qe4+ 58. Kh5 Kb5 59. g6 Kc6 60. Kg5 Kd6 61.
g7 Qh7 62. Kf6 Qxh4+ 63. Kf7 Qf4+ 64. Ke8 Qe5+ 65. Kf8 Qf6+ 66. Kg8 Ke7 67. Kh7 Qh4+ 68. Kg6 Qg4+ 69. Kh7 Qh5+ 70. Kg8 Kf6 71. Kf8 Qf7# 0-1

[Event "*** Titled Tuesday Blitz"]
[Site "Chess.com"]
[Date "2019.02.05"]
[Round "1"]
[White "Induwara_IM"]
[Black "CaptainCasanova"]
[Result "0-1"]
[WhiteElo "2380"]
[BlackElo "2774"]
[TimeControl "180+2"]
[EndTime "13:10:13 PST"]
[Termination "CaptainCasanova won by resignation"]

1. d4 Nf6 2. c4 g6 3. Nc3 Bg7 4.
e4 d6 5. h3 O-O 6. Be3 c5 7. Nf3 Qa5 8. Bd3 Nc6 9. O-O Ng4 10. hxg4 cxd4 11. Nxd4 Nxd4 12. Nd5 Nc6 13. Qe2 e6 14. Nf4 Qe5 15. Rab1 b6 16. Nh3 Nd4 17. Qd1 Bb7 18. f4 Qf6 19. g5 Qe7 20. Nf2 Nc6 21.
Ng4 Nb4 22. a3 Nxd3 23. Qxd3 Rad8 24. b4 Qc7 25. Rbc1 Qc6 26. Nf2 Rfe8 27. b5 Qd7 28.
Ng4 d5 29. c5 bxc5 30. Bxc5 dxe4 31. Qxd7 Rxd7 32. Bxa7 Rd3 33. a4 Ra3 34. Rc4 Bd5 35. Rb4 Bc3 36. Rfb1 Bxb4 37. Rxb4 Rc8 38. b6 Bb7 39.
Nf6+ Kf8 40. Nxe4 Rc2 41. Rd4 Ke7 42. a5 Rxa5 43. Bb8 Bxe4 44. Rxe4 Raa2 45. b7 Rxg2+ 46. Kf1 Rgb2 47. Be5 Rxb7 48. Bf6+ Ke8 49. Re1 Kd7 50. Rd1+ Kc6 51. Be5 Rb3 52. Rd6+ Kc5 53. Rd1 Rh3 54. Kg1 Rhh2 55. Bd6+ Kc4 56. Rc1+ Kd5 57. Rd1+ Ke4 58. Re1+ Kf3 59. Rf1+ Kg4 60. Re1 Rag2+ 61. Kf1 Kf3 0-1

[Event "*** Titled Tuesday Blitz"]
[Site "Chess.com"]
[Date "2019.02.05"]
[Round "1"]
[White "ajkom197"]
[Black "jefferyx"]
[Result "0-1"]
[WhiteElo "2438"]
[BlackElo "2871"]
[TimeControl "180+2"]
[EndTime "13:10:14 PST"]
[Termination "jefferyx won by resignation"]

1. d4 g6 2. g3 Bg7 3. Bg2 c5 4. c3 Qc7 5. Nf3 Nf6 6. O-O O-O 7. Na3 d5 8. Bf4 Qa5 9. dxc5 Qxc5 10. Nc2 Nc6 11.
Nfd4 Bd7 12. Nxc6 Bxc6 13. Be5 e6 14. Nb4 Qe7 15. Qd4 Bb5 16. Rfe1 Rfc8 17. b3 Ne8 18. Bxg7 Nxg7 19. e4 a5 20. Nd3 dxe4 21. Bxe4 Ra6 22. c4 Rd6 23. Qe3 Bc6 24. Bxc6 Nf5 25. Qe5 bxc6 26.
Nc5 Nd4 27. Kg2 f6 28. Qe4 Qa7 29. Na4 c5 30. Rad1 f5 31. Qe5 Qa8+ 32. Kh3 Rcd8 33. Nxc5 Nf3 34. Rxd6 Nxe5 35. Rxd8+ Qxd8 36. Rxe5 Qd2 37. Nxe6 Qxf2 38. Rxa5 h6 39. Nf4 g5 40. Rxf5 Qf1+ 41.
Kg4 Qd1+ 42. Kh3 Qd7 43. g4 gxf4 44. Rxf4 Qd3+ 45. Kh4 Qd2 46. Kg3 Qxa2 47. c5 Qxb3+ 48.
Rf3 Qc2 49. c6 Qxc6 50. h3 Kg7 51. Rf5 Qd6+ 52. Kg2 Kg6 53. Rf3 Qd5 54. Kg3 Qe5+ 55. Kg2 Qa1 56. Kg3 Qg1+ 57. Kf4 Qh2+ 58. Ke3 Kg5 59.
Rf5+ Kh4 60. Rh5+ Kg3 61. Rxh6 Qf2+ 62. Kd3 Qf3+ 63. Kc2 Qe2+ 64. Kb1 Qd1+ 65. Ka2 Qd2+ 66. Ka3 Qxh6 0-1

[Event "*** Titled Tuesday Blitz"]
[Site "Chess.com"]
[Date "2019.02.05"]
[Round "1"]
[White "jerry_77"]
[Black "The_bird_of_peace"]
[Result "0-1"]
[WhiteElo "2434"]
[BlackElo "2863"]
[TimeControl "180+2"]
[EndTime "13:10:14 PST"]
[Termination "The_bird_of_peace won by resignation"]

1. e4 c5 2. Nf3 e6 3. d4 d5 4. exd5 exd5 5. dxc5 Bxc5 6. Bb5+ Nc6 7. O-O Nf6 8. Re1+ Be6 9. Be3 Bxe3 10. Rxe3 O-O 11. c3 Ng4 12. Re1 Qb6 13. Bxc6 Qxf2+ 14. Kh1 bxc6 15.
Qe2 Qb6 16. h3 Nf2+ 17. Kh2 Ne4 18. Nbd2 Bf5 19. Nxe4 Bxe4 20. Ng5 Bg6 21. Qd2 h6 22. Nf3 Rfe8 23. b4 Be4 24. Nd4 c5 25. Nb3 cxb4 26. cxb4 Qd6+ 27. Kg1 Rac8 28. Nc5 Qg3 29. Re3 Qg6 30.
Rae1 f5 31. R3e2 Kh7 32. a3 Qb6 33. Kh1 Red8 34. Qd4 a5 35. Kg1 axb4 36. axb4 Rb8 37. Rb2 Rdc8 38. Ree2 Ra8 39. Kh2 Qd6+ 40. g3 Ra3 41.
Re3 Rxe3 42. Qxe3 Ra8 43. Qf4 Qf6 44. Rf2 Qc6 45. g4 fxg4 46. hxg4 Bg6 47. Qe5 Re8 48. Qd4 Qd6+ 49. Qf4 Qb6 50. Rd2 Qc6 51. Ra2 Qb5 52. Qd4 Be4 53. Rf2 Re7 54. Qd2 Qb8+ 55. Qf4 Qxb4 56.
Qd6 Qd4 57. Nxe4 Rxe4 58. Rg2 Rxg4 59. Rxg4 Qxg4 60. Qxd5 Qh4+ 61. Kg2 Qg5+ 62. Qxg5 hxg5 63. Kg3 Kg6 64. Kg4 Kf6 65. Kh5 g4 66. Kxg4 Kg6 67.
Kf4 Kh5 68. Kf5 g5 69. Ke4 Kh4 70. Kf3 Kh3 71. Kf2 g4 72. Kg1 Kg3 73. Kh1 Kf2 74. Kh2 g3+ 0-1

[Event "*** Titled Tuesday Blitz"]
[Site "Chess.com"]
[Date "2019.02.05"]
[Round "1"]
[White "akhairat"]
[Black "EugeneRougon"]
[Result "1-0"]
[WhiteElo "2263"]
[BlackElo "2571"]
[TimeControl "180+2"]
[EndTime "13:10:15 PST"]
[Termination "akhairat won by resignation"]

1. Nf3 d5 2. g3 Nf6 3. Bg2 Bf5 4. d3 e6 5. Nbd2 Be7 6. O-O O-O 7. c4 c6 8. b3 Nbd7 9. Bb2 a5 10. a3 h6 11.
Qc2 Bh7 12. Rac1 Bd6 13. Rfe1 Qe7 14. Ra1 e5 15. e4 dxe4 16. dxe4 Bc5 17. Nh4 Ng4 18.
Re2 Bd4 19. Nf5 Bxf5 20. exf5 Bxb2 21. Qxb2 Ngf6 22. Rae1 Rfe8 23. h3 Qd6 24. Nf3 e4 25.
Nd2 Nc5 26. Nxe4 Nfxe4 27. Bxe4 Rad8 28. b4 axb4 29. axb4 Nxe4 30. Rxe4 Rxe4 31. Rxe4 Qd1+ 32. Kg2 Qd3 33. Qe2 Qxe2 34. Rxe2 Rd4 35. Re8+ Kh7 36. Re7 f6 37. Rxb7 Rxc4 38. Kf3 Rc3+ 39. Ke4 Rc2 40.
Ke3 Rb2 41. Rb6 h5 42. h4 Rb1 43. Kd3 Rb2 44. Kc3 Rxf2 45. Rxc6 Rf3+ 46. Kb2 Rxf5 47.
Rc5 Rf3 48. b5 Rxg3 49. b6 Rg2+ 50. Rc2 Rg4 51. Rc3 Rd4 52. b7 Rb4+ 53. Rb3 Rxb7 54. Rxb7 Kh6 55. Rb6 Kg6 56. Kc2 Kf5 57. Kd3 Kg4 58.
Rb4+ Kg3 59. Ke3 g5 60. hxg5 fxg5 61. Ke2 Kg2 62. Rb5 g4 63. Rxh5 g3 64. Rg5 Kh1 65. Rxg3 1-0

[Event "*** Titled Tuesday Blitz"]
[Site "Chess.com"]
[Date "2019.02.05"]
[Round "1"]
[White "Angry_Twin"]
[Black "x-6099009240"]
[Result "1-0"]
[WhiteElo "2791"]
[BlackElo "2389"]
[TimeControl "180+2"]
[EndTime "13:10:16 PST"]
[Termination "Angry_Twin won by resignation"]

1. e4 c5 2. Nf3 d6 3. d4 cxd4 4. Nxd4 Nf6 5. Nc3 a6 6. Be3 e5 7. Nb3 Be6 8. f3 h5 9. Qd2 Nbd7 10. Nd5 Bxd5 11. exd5 g6 12. Be2 Bg7 13. O-O O-O 14. c4 Qc7 15. Na5 e4 16. Rac1 exf3 17. gxf3 Rae8 18. b4 Rxe3 19. Qxe3 Re8 20. Qd2 Qb6+ 21. Kh1 Bh6 22. f4 Ne4 23. Qe1 Ndf6 24. c5 dxc5 25. bxc5 Nxc5 26. Nc4 Qd8 27. Rd1 Ng4 28. Qd2 b5 29.
Bxg4 hxg4 30. Ne3 Ne4 31. Qg2 f5 32. d6 Qh4 33. d7 Rd8 34. Rd4 Bg7 35. Rxe4 fxe4 36.
Qxe4 Rxd7 37. Qe6+ Rf7 38. Qxg6 g3 39. Qxg3 Qxg3 40. hxg3 Bd4 41. Nc2 Bc5 42. Rd1 Rh7+ 43. Kg2 Re7 44. Kf3 Kf7 45. g4 Rc7 46. f5 Bb6 47.
Nb4 Rc3+ 48. Rd3 Rc4 49. Nd5 Bd8 50. Nf4 Be7 51. Ng6 Rc7 52. Ne5+ Kg7 53. Rd7 Rxd7 54. Nxd7 a5 55. Ke4 b4 56. Nb6 Kf6 57. Nd5+ Kf7 58. Nxe7 Kxe7 59. Kd4 Kf6 60. Kc4 Kg5 61. Kb5 Kxg4 62.
f6 b3 63. axb3 Kf5 64. f7 a4 65. bxa4 Ke6 66. f8=Q 1-0

[Event "*** Titled Tuesday Blitz"]
[Site "Chess.com"]
[Date "2019.02.05"]
[Round "1"]
[White "Grieve72"]
[Black "ChristopherYoo"]
[Result "1-0"]
[WhiteElo "2321"]
[BlackElo "2647"]
[TimeControl "180+2"]
[EndTime "13:10:17 PST"]
[Termination "Grieve72 won on time"]

1. d4 Nf6 2. Bg5 d5 3. Bxf6 gxf6 4. c4 dxc4 5. e3 c5 6. Bxc4 cxd4 7. Nc3 Nc6 8. Qh5 e6 9. O-O-O Qa5 10. Qxa5 Nxa5 11. Bb5+ Kd8 12. Nf3 a6 13. Be2 b5 14.
Nxd4 Kc7 15. Kb1 Bd7 16. Ne4 Be7 17. Rc1+ Kb6 18. Rhd1 Rhd8 19. Bf3 Rac8 20. Rxc8 Bxc8 21. g3 f5 22. Nc3 Nc4 23. Bh5 e5 24. Nde2 Rxd1+ 25. Nxd1 Be6 26. Kc2 Nd6 27. b3 Ne4 28. Nec3 Nf6 29.
Bf3 e4 30. Be2 Bd6 31. h4 Nd7 32. a4 b4 33. Nb1 Ne5 34. Nd2 Bc5 35. Nb2 a5 36.
Nbc4+ Nxc4 37. Bxc4 Kc7 38. Bxe6 fxe6 39. Nc4 Bb6 40.
Kd2 Kc6 41. Ke2 Bc7 42. Kf1 e5 43. Kg2 Kd5 44. g4 fxg4 45. Kg3 h5 46. Kg2 Kc6 47. Kg3 Kd7 48. Nd2 Ke6 49. Nxe4 Kf5 50. Nd2 e4+ 51. Kg2 Bd8 52. Nc4 Ke6 53. Kg3 Bc7+ 54. Kg2 Kf5 55. Nd2 Bd8 56. Nc4 Bxh4 57. Nxa5 Bf6 58. Nc6 h4 59. a5 h3+ 60. Kh1 1-0

[Event "*** Titled Tuesday Blitz"]
[Site "Chess.com"]
[Date "2019.02.05"]
[Round "1"]
[White "kleinebeer98"]
[Black "Zarikovs1999"]
[Result "1-0"]
[WhiteElo "2693"]
[BlackElo "2321"]
[TimeControl "180+2"]
[EndTime "13:10:18 PST"]
[Termination "kleinebeer98 won on time"]

1. e4 c5 2. Nf3 Nf6 3. Nc3 d5 4.
exd5 Nxd5 5. Bb5+ Bd7 6. Ne5 Bxb5 7. Qf3 f6 8. Nxb5 fxe5 9. Qxd5 Qxd5 10. Nc7+ Kd7 11.
Nxd5 Nc6 12. c3 e6 13. Ne3 e4 14. O-O Ne5 15. b3 Bd6 16. Ba3 c4 17. Bxd6 Kxd6 18.
bxc4 Rac8 19. Rab1 b6 20. Rb4 Rc5 21. Ra4 Rc7 22.
c5+ Kxc5 23. Rxe4 Kd6 24. d4 Nc4 25. Nxc4+ Rxc4 26. Rfe1 Re8 27. R4e3 b5 28. a3 a5 29. Rb1 Rb8 30. g3 b4 31. cxb4 axb4 32. Reb3 Rxd4 33. Rxb4 Rbxb4 34. axb4 Kc6 35. b5+ Kb6 36. Kg2 Rd5 37. Kf3 Rxb5 38. Re1 e5 39. Ke4 g6 40. h4 Kc6 41. Rd1 Rb2 42. f3 Re2+ 43. Kd3 Rg2 44.
g4 Rh2 45. Ke4 Rxh4 46. Kxe5 Rh3 47. f4 h5 48. Rd6+ Kc7 49. Rxg6 hxg4 50. f5 Kd7 51. Rg7+ Ke8 52. Ke6 Re3+ 53. Kf6 Kf8 54. Rxg4 Ra3 55. Re4 Ra6+ 56. Re6 Ra7 57. Rb6 Ra8 58. Kg6 Rd8 59.
Rb7 Kg8 60. f6 Rf8 61. f7+ Kh8 62. Rb5 1-0

[Event "*** Titled Tuesday Blitz"]
[Site "Chess.com"]
[Date "2019.02.05"]
[Round "1"]
[White "Stup_achello123"]
[Black "StephenDedalus83"]
[Result "0-1"]
[WhiteElo "2324"]
[BlackElo "2718"]
[TimeControl "180+2"]
[EndTime "13:10:22 PST"]
[Termination "StephenDedalus83 won by checkmate"]

1. e4 c5 2. c3 Nf6 3. e5 Nd5 4. d4 cxd4 5. Nf3 Nc6 6. cxd4 d6 7. Bc4 dxe5 8. Bxd5 Qxd5 9. Nc3 Qd6 10. d5 Nd4 11.
Nxd4 exd4 12. Qxd4 e5 13. Qe4 f5 14. Qe2 Kf7 15.
O-O Bd7 16. Be3 Be7 17. Rac1 a6 18. Rfd1 Rac8 19. a3 Rhd8 20. b4 Qg6 21. d6 Bxd6 22. Bb6 Re8 23. Bc5 Re6 24. Bxd6 Rxd6 25. Qxe5 Rxd1+ 26.
Rxd1 Bc6 27. Nd5 Qe6 28. Qxe6+ Kxe6 29. Nf4+ Kf7 30. Nd3 Ba4 31. Re1 Rc3 32. Ne5+ Kf6 33. f4 Rxa3 34. Nc4 Rb3 35. Re5 Rxb4 36. Ne3 Rb5 37. Nd5+ Kg6 38. Ne7+ Kf7 39. Nxf5 Rxe5 40.
fxe5 Ke6 41. Nd6 Bc6 42. Nc4 Bd5 43. Ne3 Kxe5 44. Kf2 a5 45. Nc2 b5 46. g3 b4 47.
Ke3 b3 48. Na3 b2 49. Kd2 Be4 50. Nc4+ Kd4 51. Nxb2 Bc6 52. Nd1 a4 53. Ne3 Be4 54.
Nd1 a3 55. Nc3 Bc6 56. Kc2 Kc4 57. Nb1 Be4+ 58. Kc1 a2 59. Nd2+ Kd4 60. Nb3+ Kc3 61. Na1 Bd3 62. h4 Be2 63. Nc2 Bd3 64. Na1 Bb1 65. g4 h6 66. g5 h5 67. g6 Bxg6 68. Nc2 Bf5 69. Na1 g5 70. hxg5 Bg6 71. Nc2 Bxc2 72.
g6 a1=Q# 0-1

[Event "*** Titled Tuesday Blitz"]
[Site "Chess.com"]
[Date "2019.02.05"]
[Round "1"]
[White "Agent-JL"]
[Black "champ2005"]
[Result "1/2-1/2"]
[WhiteElo "2256"]
[BlackElo "2602"]
[TimeControl "180+2"]
[EndTime "13:10:25 PST"]
[Termination "Game drawn by repetition"]

1. e4 d6 2. Bc4 Nf6 3. Nc3 g6 4. Nf3 Bg7 5. d4 O-O 6. O-O c6 7. h3 d5 8. Bd3 dxe4 9. Nxe4 Nxe4 10. Bxe4 Nd7 11. c3 Nf6 12. Bc2 b6 13. Ne5 Bb7 14.
Re1 e6 15. Qf3 Qd5 16. Bg5 Qxf3 17. Nxf3 h6 18. Bf4 Rac8 19. Rad1 Rfe8 20. Ne5 Nd5 21. Bg3 Red8 22. h4 c5 23. dxc5 bxc5 24. Ba4 Nb6 25.
Bb3 c4 26. Rxd8+ Rxd8 27. Nxc4 Nxc4 28. Bxc4 Rd2 29. Be5 Bxe5 30. Rxe5 Rxb2 31. Bb3 Kf8 32. Ra5 a6 33. Rc5 Be4 34. Ra5 Bb7 35. Rc5 Rd2 36. Rc7 Bd5 37. c4 Be4 38. Ra7 g5 39. hxg5 hxg5 40.
Rxa6 g4 41. c5 g3 42. fxg3 Rxg2+ 43. Kf1 Rxg3 44. Kf2 Rc3 45. Ra5 Ke7 46. Ke2 Kf6 47. Kd2 Rd3+ 48. Kc2 Ke5 49. Kb2 Rd8 50. Ra7 f5 51.
Re7 Bd5 52. Kc3 f4 53. Rf7 Ke4 54. Bxd5+ Rxd5 55. Kb4 f3 56. c6 Rd1 57. c7 Rc1 58. a4 Ke3 59. Kb5 f2 60. Kb6 e5 61. a5 Rb1+ 62. Ka6 Rc1 63. Kb7 Rb1+ 64. Ka8 Rc1 65. Kb8 Rb1+ 66. Ka7 Rc1 67. Kb7 Rb1+ 68. Ka8 Rc1 69.
Kb7 Rb1+ 70. Ka8 Rc1 71. Kb7 Rb1+ 1/2-1/2

[Event "*** Titled Tuesday Blitz"]
[Site "Chess.com"]
[Date "2019.02.05"]
[Round "1"]
[White "Blitzstream"]
[Black "Orest_Vovk"]
[Result "0-1"]
[WhiteElo "2556"]
[BlackElo "2233"]
[TimeControl "180+2"]
[EndTime "13:10:26 PST"]
[Termination "Orest_Vovk won by resignation"]

1. g3 g5 2. Bg2 Bg7 3. e3 d5 4. Ne2 h5 5. h3 h4 6. g4 f5 7.
gxf5 Bxf5 8. c4 c6 9. cxd5 cxd5 10. Qb3 e6 11. Qxb7 Nd7 12. Nbc3 Ne7 13. d4 O-O 14.
Qb3 Rb8 15. Qa3 Nc6 16. Bd2 Nb4 17. O-O Nc2 18. Qxa7 Nxa1 19. Rxa1 Rxb2 20. Bc1 Rc2 21. Ba3 Rf7 22. Qa4 Bd3 23. Rd1 Rxe2 24. Nxe2 Bxe2 25.
Rd2 Bf3 26. Bxf3 Rxf3 27. Kg2 Rf7 28. Bd6 Qf6 29. f4 Qf5 30. Qc2 Qxc2 31. Rxc2 Bf8 32. Bc7 gxf4 33. Bxf4 Nb6 34. Rc6 Nc4 35. Rxe6 Ra7 36.
Kf3 Rxa2 37. Kg4 Rg2+ 38. Kxh4 Kf7 39. Rc6 Be7+ 40. Kh5 Nd2 41. Rc7 Ne4 42. Be5 Nf6+ 43. Bxf6 Kxf6 44. Rd7 Rg5+ 45. Kh4 Rg7 46. Kh5 Ke6 47. Ra7 Kf5 48. Kh6 Rf7 49. Ra5 Ke4 50. Kg6 Rf3 51. Ra7 Bh4 52. Kh5 Bf2 53. Kg4 Rxe3 54.
h4 Kxd4 55. h5 Rg3+ 56. Kf4 Rh3 57. Ra4+ Kc5 58. Kg5 Be3+ 59. Kg6 d4 60. Ra3 Kd5 61. Ra5+ Ke4 62. Ra8 Kf3 63. Re8 Ke2 64. Rd8 d3 65.
h6 Rxh6+ 66. Kf5 Rh4 0-1